 Dungeon Crawl Stone Soup version 0.20.0-10-g0535bb4 (webtiles) character file.

57 tof the Covered (level 3, 0/33 HPs)
             Began as a Minotaur Fighter on June 5, 2017.
             Slain by maniacrov's ghost (1 damage)
             ... on level 3 of the Dungeon.
             The game lasted 00:03:43 (1655 turns).

tof the Covered (Minotaur Fighter)                  Turns: 1655, Time: 00:03:44

Health: 0/33       AC:  5    Str: 21    XL:     3   Next: 73%
Magic:  0/2        EV: 12    Int:  5    God:
Gold:   66         SH:  9    Dex:  9    Spells: 2/2 levels left

rFire    . . .     SeeInvis .   a - +0 long sword
rCold    . . .     Gourm    .   c - +0 shield
rNeg     . . .     Faith    .   m - +0 ring mail
rPois    +         Spirit   +   (helmet restricted)
rElec    .         Reflect  .   r - scarf {Spirit}
rCorr    .         Harm     .   (no gloves)
MR       .....                  (no boots)
Stlth    ..........             (no amulet)
Regen    0.2/turn               j - +4 ring of evasion
MPRegen  0.1/turn               k - ring of poison resistance

@: no status effects
A: retaliatory headbutt, horns 2
a: no special abilities


You were on level 3 of the Dungeon.
You were not hungry.

You visited 1 branch of the dungeon, and saw 3 of its levels.

You collected 66 gold pieces.

Inventory:

Hand Weapons
 a - a +0 long sword (weapon)
Armour
 b - a +0 scale mail
 c - a +0 shield (worn)
 h - a +0 cloak
 m - a +0 ring mail (worn)
 r - a scarf of spirit shield (worn)
Jewellery
 j - a +4 ring of evasion (left hand)
 k - a ring of poison resistance (right hand)
 w - an uncursed ring of flight
Scrolls
 g - 2 scrolls of remove curse
 l - a scroll of identify {unknown}
 s - a scroll of enchant weapon {unknown}
 u - 2 scrolls of teleportation {unknown}
 v - a scroll of noise {unknown}
 y - a scroll of blinking {unknown}
Potions
 d - a potion of might
 e - a potion of cancellation {unknown}
 i - a potion of haste {unknown}
 o - a potion of agility {unknown}
 p - a potion of flight {unknown}
 q - a potion of lignification {unknown}
 x - a potion of resistance {unknown}
Comestibles
 f - a bread ration
 n - a royal jelly
 t - 2 meat rations
 z - 7 chunks of flesh


   Skills:
 + Level 4.1 Fighting
 * Level 3.4 Long Blades
 * Level 4.3 Armour
 + Level 1.3 Dodging
 - Level 3.6 Shields


You had 2 spell levels left.
You didn't know any spells.

Dungeon Overview and Level Annotations

Branches:
Dungeon (3/15)

Altars:
Nemelex Xobeh

Annotations:
D:3 maniacrov's ghost, amateur HOFi


Innate Abilities, Weirdness & Mutations

You reflexively headbutt those who attack you in melee.
You have a pair of horns on your head.


Message History

You barely miss maniacrov's ghost.
Maniacrov's ghost is severely damaged.
You block maniacrov's ghost's attack.
You hit maniacrov's ghost but do no damage.
Maniacrov's ghost is severely damaged.
Maniacrov's ghost misses you.
Your shield and ring mail prevent you from hitting maniacrov's ghost.
Maniacrov's ghost is severely damaged.
Maniacrov's ghost hits you!
* * * LOW HITPOINT WARNING * * *
x2 Maniacrov's ghost closely misses you.
You furiously retaliate!
You headbutt maniacrov's ghost! You closely miss maniacrov's ghost.
Maniacrov's ghost is severely damaged.
You block maniacrov's ghost's attack.
You slash maniacrov's ghost! Your headbutt misses maniacrov's ghost.
Maniacrov's ghost is almost destroyed.
Maniacrov's ghost hits you.
* * * LOW HITPOINT WARNING * * *
You die...

#.. ..#.##.##...###
#.# #.#.##.##...# #.#
#.#.##.######
#######.###.#.##.#####
.....................#
######.####.###.###.#
#..........# #.# #.#
#.###.####.# #.# #.#
#...@W.#.# #.# #.#
#.#....#.# #.# #.#
#.######.# #.# #.####
# ..# #.# #.)...
######


You could see maniacrov's ghost.

Vanquished Creatures
  An adder (D:2)
  2 dart slugs
  An orc (D:3)
  3 giant cockroaches
  4 goblins (D:1)
  4 hobgoblins
  7 jackals
  6 bats
  3 kobolds
  9 rats
40 creatures vanquished.

Notes
Turn   | Place    | Note
-------+----------+-------------------------------------------
     0 | D:1      | tof the Minotaur Fighter began the quest for the Orb.
     0 | D:1      | Reached XP level 1. HP: 19/19 MP: 0/0
   182 | D:1      | Reached XP level 2. HP: 27/27 MP: 1/1
   933 | D:2      | Reached XP level 3. HP: 33/33 MP: 2/2
  1267 | D:2      | Found a sparkling altar of Nemelex Xobeh.
  1517 | D:3      | Reached skill level 1 in Dodging
  1639 | D:3      | Noticed maniacrov's ghost (amateur HOFi)
  1655 | D:3      | HP: 1/33 [maniacrov's ghost (1)]
  1655 | D:3      | Slain by maniacrov's ghost

Skill      XL: |  1  2  3 |
---------------+----------+-----
Armour         | 4 |  4.3
Long Blades    | 3 |  3.4
Fighting       | 4 |  4.1
Dodging        | 1 |  1.3
Shields        | |  3.6

Action                   || total
-------------------------++-------
Melee: Long sword        ||    93
       Headbutt          ||    12
  Use: Scroll            ||     1
  Eat: Chunk             ||     2
Armor: Scale mail        ||    11
       Ring mail         ||    13
Dodge: Dodged            ||    43
Block: Shield            ||    57
       Rpst.: Long sword ||    10
